NWL (28 & UNDER)
MENLO MANIACS @ BISMARK BORDER GUARDS
09/24/2026
 
TOP OF THE 1ST
Menlo Maniacs batting - Pitching for Bismark Border Guards : RHP Rafael López
Pitching: RHP Rafael López
Batting: RHB Manuel Alonso 0-0: Called Strike
0-1: Foul Ball, location: 2F
0-2: Strikes out swinging
Batting: RHB Robert Downing 0-0: Ball
1-0: Foul Ball, location: 2F
1-1: Ball
2-1: Swinging Strike
2-2: Strikes out swinging
Batting: LHB Vicente Chávez 0-0: Called Strike
0-1: Ball
1-1: Called Strike
1-2: Strikes out looking
Top of the 1st over - 0 run(s), 0 hit(s), 0 error(s), 0 left on base; Menlo 0 - Bismark 0
BOTTOM OF THE 1ST
Bismark Border Guards batting - Pitching for Menlo Maniacs : RHP David Bishop
Pitching: RHP David Bishop
Batting: RHB Danny Spode 0-0: Ground out 5-3 (Groundball, 56S)
Batting: LHB Rusty Herbert 0-0: Ball
1-0: Ball
2-0: Bunt for hit - play at first, batter OUT! 1-3
Batting: RHB Enrico Rodríguez 0-0: Ball
1-0: Ground out 1-3 (Groundball, 15)
Bottom of the 1st over - 0 run(s), 0 hit(s), 0 error(s), 0 left on base; Menlo 0 - Bismark 0
TOP OF THE 2ND
Menlo Maniacs batting - Pitching for Bismark Border Guards : RHP Rafael López
Batting: RHB Ernest Russell 0-0: Ball
1-0: Called Strike
1-1: Ball
2-1: Ball
3-1: Base on Balls
Batting: RHB Eleuterio Supardo 0-0: Foul Ball, location: 2F
0-1: Ball
1-1: Ball
2-1: DOUBLE (Flyball, 9LM)
Ernest Russell to third
Runner from 3rd tries for Home, SAFE, no throw or cutoff
Batting: LHB Mike Harris 0-0: Called Strike
0-1: SINGLE (Flyball, 8LM)
Eleuterio Supardo to third
Batting: RHB Gabriel Erwin 0-0: Ball
Mike Harris steals 2nd base
1-0: Swinging Strike
1-1: Swinging Strike
1-2: Strikes out swinging
Batting: RHB Luis Ramírez 0-0: Ball
1-0: Foul Ball, location: 2F
1-1: Called Strike
1-2: Ball
2-2: Ball
3-2: Fly out, F9 (Flyball, 9D)
Runner from 3rd tags up, SCORES, no throw
Mike Harris to third
Batting: RHB Gilberto León 0-0: Ball
1-0: SINGLE (Line Drive, 4MD)
Mike Harris scores
Batting: RHB Manuel Alonso 0-0: Ball
1-0: Foul Ball, location: 2F
1-1: Foul Ball, location: 2F
1-2: Ball
2-2: Ball
Single, Error in OF, E7, batter to second base
Gilberto León to third
Batting: RHB Robert Downing 0-0: Ground out 5-3 (Groundball, 5)
Top of the 2nd over - 3 run(s), 4 hit(s), 1 error(s), 2 left on base; Menlo 3 - Bismark 0
BOTTOM OF THE 2ND
Bismark Border Guards batting - Pitching for Menlo Maniacs : RHP David Bishop
Batting: RHB Trent Rasmussen 0-0: Ball
1-0: Foul Ball, location: 2F
1-1: Ball
2-1: Called Strike
2-2: Foul Ball, location: 2F
2-2: Ground out 6-3 (Groundball, 6)
Batting: RHB Doug Williams 0-0: Called Strike
0-1: Ground out 6-3 (Groundball, 6M)
Batting: RHB Mike Wright 0-0: Called Strike
0-1: Called Strike
0-2: Strikes out swinging
Bottom of the 2nd over - 0 run(s), 0 hit(s), 0 error(s), 0 left on base; Menlo 3 - Bismark 0
TOP OF THE 3RD
Menlo Maniacs batting - Pitching for Bismark Border Guards : RHP Rafael López
Batting: LHB Vicente Chávez 0-0: Foul Ball, location: 2F
0-1: Foul Ball, location: 2F
0-2: Ground out 6-3 (Groundball, 6M)
Batting: RHB Ernest Russell 0-0: Ground out 4-3 (Groundball, 4)
Batting: RHB Eleuterio Supardo 0-0: Foul Ball, location: 2F
0-1: Ball
1-1: Foul Ball, location: 2F
1-2: SINGLE (Flyball, 8RS)
Batting: LHB Mike Harris 0-0: Ball
1-0: Fly out, F4 (Popup, 9S)
Top of the 3rd over - 0 run(s), 1 hit(s), 0 error(s), 1 left on base; Menlo 3 - Bismark 0
BOTTOM OF THE 3RD
Bismark Border Guards batting - Pitching for Menlo Maniacs : RHP David Bishop
Batting: RHB Edward Melton 0-0: Ball
1-0: Ball
2-0: Foul Ball, location: 2F
2-1: Called Strike
2-2: Ball
3-2: Base on Balls
Batting: RHB Reynaldo Slomp 0-0: Ball
1-0: SINGLE (Line Drive, 7LM)
Edward Melton to second
Batting: RHB Jorge Montoya 0-0: Foul Ball, location: 2F
0-1: Ball
1-1: Foul Ball, location: 2F
1-2: Ball
2-2: Ball
3-2: Strikes out swinging
Reynaldo Slomp steals 2nd base
Batter strikes out.
Edward Melton to third
Batting: RHB Danny Spode 0-0: Ball
1-0: Called Strike
1-1: Ball
2-1: Fly out, F6 (Line Drive, 6)
Batting: LHB Rusty Herbert 0-0: Called Strike
0-1: Called Strike
0-2: Ball
1-2: Strikes out looking
Bottom of the 3rd over - 0 run(s), 1 hit(s), 0 error(s), 2 left on base; Menlo 3 - Bismark 0
TOP OF THE 4TH
Menlo Maniacs batting - Pitching for Bismark Border Guards : RHP Rafael López
Batting: RHB Gabriel Erwin 0-0: Ball
1-0: Ball
2-0: Swinging Strike
2-1: Foul Ball, location: 2F
2-2: Ball
3-2: Strikes out swinging
Batting: RHB Luis Ramírez 0-0: Called Strike
0-1: Foul Ball, location: 2F
0-2: Ball
1-2: SINGLE (Groundball, 6D)
Batting: RHB Gilberto León 0-0: Ball
1-0: Ball
2-0: Grounds into double play, 5-4-3 (Groundball, 56)
Top of the 4th over - 0 run(s), 1 hit(s), 0 error(s), 0 left on base; Menlo 3 - Bismark 0
BOTTOM OF THE 4TH
Bismark Border Guards batting - Pitching for Menlo Maniacs : RHP David Bishop
Batting: RHB Enrico Rodríguez 0-0: Ground out 1-3 (Groundball, 15)
Batting: RHB Trent Rasmussen 0-0: Ball
1-0: Called Strike
1-1: Called Strike
1-2: SINGLE (Line Drive, 6MD)
Batting: RHB Doug Williams 0-0: Ball
1-0: Called Strike
1-1: Called Strike
1-2: Strikes out swinging
Batting: RHB Mike Wright 0-0: Called Strike
0-1: Swinging Strike
0-2: Fielders Choice at 2nd, U6 (Groundball, 6M)
Bottom of the 4th over - 0 run(s), 1 hit(s), 0 error(s), 1 left on base; Menlo 3 - Bismark 0
TOP OF THE 5TH
Menlo Maniacs batting - Pitching for Bismark Border Guards : RHP Rafael López
Batting: RHB Manuel Alonso 0-0: Ball
1-0: Foul Ball, location: 2F
1-1: Foul Ball, location: 2F
1-2: Ball
2-2: Foul Ball, location: 2F
2-2: SINGLE (Groundball, 6M)
Batting: RHB Robert Downing 0-0: Ball
Manuel Alonso steals 2nd base
1-0: Ball
2-0: Called Strike
2-1: Foul Ball, location: 2F
2-2: Fly out, F4 (Line Drive, 4M)
2-2: Fly out, F4 (Line Drive, 4M)
Batting: LHB Vicente Chávez 0-0: Called Strike
Manuel Alonso steals 3rd base
0-1: Called Strike
0-2: Strikes out looking
Batting: RHB Ernest Russell 0-0: Intentional Walk
Batting: RHB Eleuterio Supardo 0-0: Ball
1-0: SINGLE (Flyball, 89M)
Manuel Alonso scores
Ernest Russell to second
Runner from 2nd tries for 3rd, SAFE, throw made to third
Batting: LHB Mike Harris 0-0: Called Strike
0-1: Foul Ball, location: 2F
0-2: Ball
1-2: Strikes out looking
Top of the 5th over - 1 run(s), 2 hit(s), 0 error(s), 2 left on base; Menlo 4 - Bismark 0
BOTTOM OF THE 5TH
Bismark Border Guards batting - Pitching for Menlo Maniacs : RHP David Bishop
Batting: RHB Edward Melton 0-0: DOUBLE (Flyball, 7LD)
Batting: RHB Reynaldo Slomp 0-0: Called Strike
Edward Melton is caught stealing 3rd base
0-1: Ball
1-1: SINGLE (Groundball, 6MD)
Batting: RHB Jorge Montoya 0-0: Ball
1-0: Called Strike
1-1: Ball
2-1: Grounds into double play, 1-6-3 (Groundball, 13S)
Bottom of the 5th over - 0 run(s), 2 hit(s), 0 error(s), 0 left on base; Menlo 4 - Bismark 0
TOP OF THE 6TH
Menlo Maniacs batting - Pitching for Bismark Border Guards : RHP Rafael López
Batting: RHB Gabriel Erwin 0-0: Ball
1-0: Called Strike
1-1: Ball
2-1: Foul Ball, location: 2F
2-2: Strikes out swinging
Batting: RHB Luis Ramírez 0-0: Ball
1-0: Ground out 6-3 (Groundball, 6M)
Batting: RHB Gilberto León 0-0: Ground out 1-3 (Groundball, 15)
Top of the 6th over - 0 run(s), 0 hit(s), 0 error(s), 0 left on base; Menlo 4 - Bismark 0
BOTTOM OF THE 6TH
Bismark Border Guards batting - Pitching for Menlo Maniacs : RHP David Bishop
Batting: RHB Danny Spode 0-0: Swinging Strike
0-1: Foul Ball, location: 2F
0-2: Hit by Pitch
Batting: LHB Rusty Herbert 0-0: Ball
Danny Spode steals 2nd base
1-0: Ball
2-0: Foul Ball, location: 2F
2-1: Ground out 4-3 (Groundball, 4)
Danny Spode to third
Batting: RHB Enrico Rodríguez 0-0: Ball
1-0: Fly out, F7 (Flyball, 7D)
Runner from 3rd tags up, SCORES, no throw
Batting: RHB Trent Rasmussen 0-0: Ball
1-0: Ground out 1-3 (Groundball, 13S)
Bottom of the 6th over - 1 run(s), 0 hit(s), 0 error(s), 0 left on base; Menlo 4 - Bismark 1
TOP OF THE 7TH
Menlo Maniacs batting - Pitching for Bismark Border Guards : RHP Rafael López
Batting: RHB Manuel Alonso 0-0: Ball
1-0: Ball
2-0: Called Strike
2-1: Foul Ball, location: 2F
2-2: Strikes out swinging
Batting: RHB Robert Downing 0-0: Ball
1-0: Ball
2-0: Ball
3-0: Base on Balls
Batting: LHB Vicente Chávez 0-0: Called Strike
0-1: Ball
1-1: Ball
2-1: Called Strike
2-2: Foul Ball, location: 2F
2-2: Ball
3-2: SINGLE (Flyball, 8RS)
Robert Downing to second
Pitching: RHP Bartolo Rivera
Batting: RHB Ernest Russell 0-0: Ball
1-0: Called Strike
1-1: Ball
2-1: Ball
3-1: Base on Balls
Robert Downing to third
Vicente Chávez to second
Batting: RHB Eleuterio Supardo 0-0: Swinging Strike
0-1: Ball
1-1: Fly out, F5 (Line Drive, 5)
Pinch Hitting: LHB Keith Green 0-0: Ball
1-0: Ball
2-0: Called Strike
2-1: Ball
3-1: Base on Balls
Robert Downing scores
Vicente Chávez to third
Ernest Russell to second
Batting: RHB Gabriel Erwin 0-0: Ball
1-0: Foul Ball, location: 2F
1-1: Swinging Strike
1-2: Ball
2-2: Foul Ball, location: 2F
2-2: Ball
3-2: Base on Balls
Vicente Chávez scores
Ernest Russell to third
Keith Green to second
Batting: RHB Luis Ramírez 0-0: Ball
1-0: Foul Ball, location: 2F
1-1: DOUBLE (Line Drive, 89M)
Ernest Russell scores
Keith Green scores
Gabriel Erwin to third
Runner from 3rd tries for Home, SAFE, no throw or cutoff
Batting: RHB Gilberto León 0-0: Called Strike
0-1: Ball
1-1: Swinging Strike
1-2: Ball
2-2: Strikes out looking
Top of the 7th over - 5 run(s), 2 hit(s), 0 error(s), 1 left on base; Menlo 9 - Bismark 1
BOTTOM OF THE 7TH
Bismark Border Guards batting - Pitching for Menlo Maniacs : RHP David Bishop
Now in RF: José Martínez
Batting: RHB Doug Williams 0-0: Called Strike
0-1: Ground out 6-3 (Groundball, 6M)
Batting: RHB Mike Wright 0-0: Swinging Strike
0-1: Ground out 5-3 (Groundball, 56)
Batting: RHB Edward Melton 0-0: Ball
1-0: Foul Ball, location: 2F
1-1: Foul Ball, location: 2F
1-2: Strikes out swinging
Bottom of the 7th over - 0 run(s), 0 hit(s), 0 error(s), 0 left on base; Menlo 9 - Bismark 1
TOP OF THE 8TH
Menlo Maniacs batting - Pitching for Bismark Border Guards : RHP Bartolo Rivera
Batting: RHB Manuel Alonso 0-0: Swinging Strike
0-1: Ball
1-1: Swinging Strike
1-2: Foul Ball, location: 2F
1-2: Ball
2-2: Strikes out looking
Batting: RHB Robert Downing 0-0: Ball
1-0: Called Strike
1-1: Ground out 3-1 (Groundball, 34)
Batting: LHB Vicente Chávez 0-0: Called Strike
0-1: Ball
1-1: Ball
2-1: Foul Ball, location: 2F
2-2: Ground out 3-1 (Groundball, 34)
Top of the 8th over - 0 run(s), 0 hit(s), 0 error(s), 0 left on base; Menlo 9 - Bismark 1
BOTTOM OF THE 8TH
Bismark Border Guards batting - Pitching for Menlo Maniacs : RHP David Bishop
Batting: RHB Reynaldo Slomp 0-0: Ball
1-0: Swinging Strike
1-1: Called Strike
1-2: Ball
2-2: Ball
3-2: Foul Ball, location: 2F
3-2: Base on Balls
Batting: RHB Jorge Montoya 0-0: Ball
1-0: Ball
2-0: Swinging Strike
2-1: Fly out, F7 (Line Drive, 7M)
Batting: RHB Danny Spode 0-0: Ball
1-0: Fly out, F8 (Flyball, 8LM)
Batting: LHB Rusty Herbert 0-0: Swinging Strike
0-1: Ball
1-1: Fly out, F9 (Flyball, 89XD)
Bottom of the 8th over - 0 run(s), 0 hit(s), 0 error(s), 1 left on base; Menlo 9 - Bismark 1
TOP OF THE 9TH
Menlo Maniacs batting - Pitching for Bismark Border Guards : RHP Bartolo Rivera
Pitching: RHP Miguel Valenzuela
Pinch Hitting: RHB Jacob Pope 0-0: Called Strike
0-1: Swinging Strike
0-2: Ball
1-2: Strikes out swinging
Batting: RHB Eleuterio Supardo 0-0: Ball
1-0: Called Strike
1-1: Foul Ball, location: 2F
1-2: Ball
2-2: Ball
3-2: Foul Ball, location: 2F
3-2: Foul Ball, location: 2F
3-2: Base on Balls
Pinch Hitting: LHB Frank Young 0-0: Ball
1-0: Ball
2-0: Ball
3-0: Called Strike
3-1: Base on Balls
Eleuterio Supardo to second
Batting: RHB Gabriel Erwin 0-0: Ball
1-0: Called Strike
1-1: Ball
2-1: Ball
3-1: Base on Balls
Eleuterio Supardo to third
Frank Young to second
Batting: RHB Luis Ramírez 0-0: Ball
1-0: Ball
2-0: Fly out, F9 (Line Drive, 9S)
Batting: RHB Gilberto León 0-0: Called Strike
0-1: Foul Ball, location: 2F
0-2: Strikes out swinging
Top of the 9th over - 0 run(s), 0 hit(s), 0 error(s), 3 left on base; Menlo 9 - Bismark 1
BOTTOM OF THE 9TH
Bismark Border Guards batting - Pitching for Menlo Maniacs : RHP David Bishop
Now at SS: Paul Hardy
Now in RF: Frank Young
Batting: RHB Enrico Rodríguez 0-0: Ground out 1-3 (Groundball, 13S)
Pitching: RHP Domingo Franco
Batting: RHB Trent Rasmussen 0-0: Ground out 6-3 (Groundball, 56)
Batting: RHB Doug Williams 0-0: Fly out, F7 (Flyball, 78S)
Bottom of the 9th over - 0 run(s), 0 hit(s), 0 error(s), 0 left on base; Menlo 9 - Bismark 1
Monday, December 5th, 2016 - OOTP Baseball 17.12 Build 75